AoeStats
← hightower_208

Arena

507486377Analyzed
2v2 RM · 13d ago on Sep 18, 2026· 18m 43s· 4 players
Game mode
Random Map
Map size
Medium (4 player)
Population
200
Speed
Normal
Resources
Standard
Victory
Conquest
Starting age
Dark Age
Ending age
Imperial Age
RankedLock teamsTeams togetherTeam positionsShared explorationLock speedFull tech treeHidden civsTurbo modeCheats
Victory
Defeat
🇩🇪 Goths · Germany
1693
+9
🇩🇪 Italians · Germany
1650
+11
🇪🇸 Teutons · Spain
1568
-11
🇩🇪 Persians · Germany
1507
-9
winstonx9
10:43 Feudal Age
14:35 Castle Age
12:31 Double-Bit Axe
12:56 Horse Collar
14:00 Bloodlines
15:24 Scale Barding Armor
Kümmelbrot OP
3:50 Loom
17:13 Feudal Age
17:54 Double-Bit Axe
hightower_208
5:43 Loom
10:55 Feudal Age
16:03 Castle Age
16:12 Horse Collar
16:41 Double-Bit Axe
Mjoelnir
7:50 Loom
9:42 Feudal Age
14:20 Castle Age
13:47 Double-Bit Axe
13:42 Horse Collar
17:48 Fletching
Connection lost

Rejoining the realm…

Still unreachable

The connection could not be restored.

Session expired

The server has moved on; the page needs a fresh start.